 Dungeon Crawl Stone Soup version 0.30-a0-586-g23e55c9e0a (webtiles) character file.

Game seed: 16881915946203222982

468 CoinPitGoblin the Magician (level 7, -17/46 HPs)
             Began as a Djinni Fire Elementalist on Jan 3, 2023.
             Killed from afar by Heedrag's ghost (19 damage)
             ... with a stone arrow
             ... on level 5 of the Dungeon.
             The game lasted 00:15:56 (5209 turns).

CoinPitGoblin the Magician (DjFE)                   Turns: 5209, Time: 00:15:56

Health: -17/46     AC:  3    Str:  7    XL:     7   Next: 30%
Gold:   709        EV: 11    Int: 18    God:
                   SH:  7    Dex: 14

rFire   + + .      SeeInvis .    l - staff of conjuration
rCold   x . .      Faith    .    p - +0 kite shield
rNeg    + . .      Spirit   .    a - +0 robe
rPois   ∞          Reflect  .    (no helmet)
rElec   .          Harm     .    (no cloak)
rCorr   .          Rampage  .    k - +0 pair of gloves
Will    .....                    (boots unavailable)
Stlth   ++                       q - amulet of regeneration
HPRegen 1.07/turn                d - ring of positive energy
MPRegen 0.00/turn                (no ring)

@: flying
A: sickness immunity, fire resistance 2, cold vulnerability 1, float, innate
caster, HP casting, extra vitality 1, mutation resistance 1
a: no special abilities


You were on level 5 of the Dungeon.
You visited 1 branch of the dungeon, and saw 6 of its levels.

You collected 709 gold pieces.

Inventory:

Hand Weapons
 f - a +1 dagger
Armour
 a - a +0 robe (worn)
 g - a +0 helmet
 k - a +0 pair of gloves (worn)
 p - a +0 kite shield (worn)
Magical Staves
 h - a staff of death
 l - a staff of conjuration (weapon)
Jewellery
 d - a ring of positive energy (left hand)
 q - an amulet of regeneration (around neck)
Wands
 c - a wand of iceblast (10)
Scrolls
 m - 3 scrolls of magic mapping
 n - 2 scrolls of identify
Potions
 b - a potion of magic
 e - a potion of mutation
 i - a potion of brilliance
 j - 2 potions of attraction
 r - a potion of resistance


   Skills:
 + Level 0.7 Fighting
 + Level 3.1 Dodging
 - Level 1.5 Stealth
 + Level 5.7 Spellcasting


You couldn't memorise any spells.
You knew the following spells:

 Your Spells              Type           Power      Damage    Failure   Level
a - Inner Flame           Hex/Fire       25%        N/A       13%         3
b - Scorch                Fire           50%        2d8       7%          2
c - Flame Wave            Conj/Fire      38%        2d10      41%         4
d - Static Discharge      Conj/Air       76%        2-6/arc   7%          2
e - Kindle Blastsparks    Fire/Tloc/Air  50%        2d14      13%         3
f - Stone Arrow           Conj/Erth      76%        3d11      13%         3
q - Foxfire               Conj/Fire      100%       2x1d9     4%          1
w - Freeze                Ice            100%       1d10      4%          1
Your spell library was empty.

Dungeon Overview and Level Annotations

Branches:
Dungeon (6/15)
 Temple: D:4-7

Altars:
Cheibriados
Dithmenos
Elyvilon
Fedhas
Gozag
Hepliaklqana
Okawaru
Trog
Xom

Shops:
D:5 *

Annotations:
D:5 1 transporter, Heedrag's ghost, novice GrEE
D:6 Dowan; Duvessa


Innate Abilities, Weirdness & Mutations

You are immune to sickness and miasma.
You are immune to poison.
Your flesh is very heat resistant. (rF++)
You are vulnerable to cold. (rC-)
You float through the air rather than walking.
You learn spells naturally, not from books.
Your magical power is your life essence.
You have superior vitality. (+4 MHP)
You are somewhat resistant to further mutation.


Message History

You block the killer bee zombie's attack.
The killer bee zombie closely misses you.
You see here a black potion.
Heedrag's ghost gestures at you while chanting.
The blast of sand hits you!
The killer bee zombie completely misses you.
The killer bee zombie hits you. The killer bee zombie hits you!
The killer bee zombie barely misses you.
Heedrag's ghost whispers, "There is no future for you."
You see here a potion of mutation.
e - a potion of mutation You block the killer bee zombie's attack.
The killer bee zombie hits you but does no damage.
Heedrag's ghost hits you.
The killer bee zombie hits you but does no damage.
Sorry, you're not good enough to have a special ability.
Sorry, you're not good enough to have a special ability.
Casting: Stone Arrow (dangerous; 13% risk of failure)
Confirm with . or Enter, or press ? or * to list all spells.
A cloud of volatile blastsparks flares up around you!
The killer bee zombie hits you! You block Heedrag's ghost's attack.
Heedrag's ghost attacks as you move away!
Heedrag's ghost hits you.
The cloud of blastsparks explodes!
The concussive blast engulfs the killer bee zombie!
The killer bee zombie is heavily damaged.
The concussive blast engulfs Heedrag's ghost.
Heedrag's ghost resists.
Heedrag's ghost is lightly damaged.
The concussive blast engulfs you. You resist.
* * * LOW HITPOINT WARNING * * *
Heedrag's ghost is knocked back by the blast.
You are knocked back by the blast.
The killer bee zombie hits you.
* * * LOW HITPOINT WARNING * * *
The killer bee zombie hits you!
* * * LOW HITPOINT WARNING * * *
Heedrag's ghost points at you and mumbles some strange words.
The stone arrow hits you!!
You die...

##.#..#..........©#..##.#
##.#..#...Z.......#..##.#
##.#..#..##...##..#..##.#
......#..#8...8#..#..##.#
...#..#$.##...##..#..##.#
####..#.....M.....#..##.#
###..#..##...##..#..##.#
#....#..#8.Z.8#..#.....#
#.#..#..##...##@.#..####
#.#..#.......W.Z.#..#
##.#..#.....!.....#..#
......#############..#
##.#........©........#
##.#.................#
##.###################
##.# ...#


You could see Heedrag's ghost and a killer bee zombie.

Vanquished Creatures
  Sigmund (D:3)
  A hound (D:4)
  Natasha (twice) (D:4)
  An orc wizard (D:5)
  Ijyb (D:3)
  Robin (D:3)
  8 adders
  3 worms
  3 orcs
  3 ball pythons
  A bat zombie (D:4)
  7 endoplasms
  4 giant cockroaches
  11 goblins
  17 hobgoblins
  9 kobolds
  3 quokkas
  3 bats
  3 frilled lizards
  5 rats
  4 rat zombies (D:4)
91 creatures vanquished.

Vanquished Creatures (others)
  347 foxfires
347 creatures vanquished.

Grand Total: 438 creatures vanquished

Notes
Turn   | Place    | Note
-------+----------+-------------------------------------------
     0 | D:1      | CoinPitGoblin the Djinni Fire Elementalist began the quest
                  | for the Orb.
     0 | D:1      | CoinPitGoblin set off with the following spells memorised:
                  | Foxfire, Scorch, Kindle Blastsparks, Inner Flame, Flame
                  | Wave.
     0 | D:1      | Reached XP level 1. HP: 15/15 MP: 0/0
    91 | D:1      | Reached XP level 2. HP: 18/21 MP: 0/0
   354 | D:1      | Found a faded altar of an unknown god.
   383 | D:1      | Reached skill level 3 in Spellcasting
   520 | D:1      | Reached XP level 3. HP: 22/25 MP: 0/0
   520 | D:1      | Learned a level 1 spell: Freeze
  1086 | D:1      | Identified a scroll of acquirement
  1086 | D:1      | Acquired 338 gold pieces
  1278 | D:2      | Reached XP level 4. HP: 30/31 MP: 0/0
  2044 | D:3      | Noticed Sigmund
  2146 | D:3      | Found a bloodstained altar of Trog.
  2159 | D:3      | Found a white marble altar of Elyvilon.
  2203 | D:3      | Found a shimmering altar of Xom.
  2204 | D:3      | Found a hazy altar of Hepliaklqana.
  2205 | D:3      | Noticed a spectral ugly thing
  2220 | D:3      | Found an iron altar of Okawaru.
  2228 | D:3      | Reached skill level 4 in Spellcasting
  2232 | D:3      | Killed Sigmund
  2233 | D:3      | Reached XP level 5. HP: 20/36 MP: 0/0
  2233 | D:3      | Learned a level 2 spell: Static Discharge
  2233 | D:3      | Reached XP level 6. HP: 23/41 MP: 0/0
  2387 | D:3      | Reached skill level 5 in Spellcasting
  2426 | D:3      | Noticed Ijyb
  2447 | D:3      | Killed Ijyb
  2659 | D:3      | Noticed Robin
  2682 | D:3      | Killed Robin
  3136 | D:3      | Found a snail-covered altar of Cheibriados.
  3544 | D:4      | Found a blossoming altar of Fedhas.
  3591 | D:4      | Found a shadowy altar of Dithmenos.
  3887 | D:4      | Found an opulent altar of Gozag.
  4041 | D:4      | Reached XP level 7. HP: 43/46 MP: 0/0
  4041 | D:4      | Learned a level 3 spell: Stone Arrow
  4076 | D:4      | Noticed Natasha
  4082 | D:4      | Killed Natasha
  4383 | D:4      | Noticed Natasha
  4391 | D:4      | Killed Natasha
  4451 | D:5      | Entered Level 5 of the Dungeon
  4476 | D:5      | Found a transporter.
  4479 | D:5      | Noticed Heedrag's ghost (novice GrEE)
  4484 | D:5      | Found a transporter.
  4773 | D:5      | Found Goubbek's General Store.
  5055 | D:6      | Noticed Duvessa
  5055 | D:6      | Noticed Dowan
  5144 | D:5      | Gained mutation: You are agile. (Dex +4, Str/Int -1)
                  | [potion of mutation]
  5144 | D:5      | Gained mutation: You are resistant to electric shocks.
                  | (rElec) [potion of mutation]
  5144 | D:5      | Gained mutation: You have a pair of small horns on your
                  | head. [potion of mutation]
  5181 | D:5      | Lost mutation: You have a pair of small horns on your head.
                  | [potion of mutation]
  5181 | D:5      | Lost mutation: You are resistant to electric shocks.
                  | (rElec) [potion of mutation]
  5182 | D:5      | Lost mutation: You are agile. (Dex +4, Str/Int -1) [potion
                  | of mutation]
  5182 | D:5      | Gained mutation: You are somewhat resistant to further
                  | mutation. [potion of mutation]
  5208 | D:5      | HP: 1/46 [killer bee zombie (7)]
  5209 | D:5      | Killed from afar by Heedrag's ghost

Illustrated notes

Levels and vault maps discovered:
D:1:      dpeg_arrival_morbid_curiosity, layout_basic,
          dreamdust_ecumenical_altar_grove, chequers_jeans
D:2:      minmay_angry_zag, layout_loops_ring
D:3:      layout_loops_corners, regret_index_temple_of_mockery,
          lemuel_coloured_pillars_altar, mainiacjoe_overflow_boulevard,
          grunt_temple_overflow_open, minmay_misc_feat_four_crosses, uniq_ijyb,
          uniq_robin, uniq_sigmund
D:4:      layout_loops_ring, lemuel_doored_altar, fedhas_altar_2,
          lemuel_zombie_altar_kikubaaqudgha, grunt_gozag_breadcrumbs,
          uniq_natasha
D:5:      layout_loops_ring, gammafunk_ghost_mausoleum, serial_shops, shop
D:6:      layout_loops_corners, ashenzari_conservatory_becter,
          due_unseen_surprise, uniq_duvessa, uniq_blork_the_orc, uniq_grinder

Skill      XL: |  1  2  3  4  5  6 |
---------------+-------------------+-----
Spellcasting   | 3 4 5 |  5.7
Dodging        | 3 |  3.1
Fighting       | |  0.7
Stealth        | |  1.5

Action                   |  1- 3 |  4- 6 |  7- 9 || total
-------------------------+-------+-------+-------++-------
Melee: Dagger            |       |    13 |       ||    13
       Staff             |       |     8 |       ||     8
 Cast: Foxfire           |    80 |   119 |    21 ||   220
       Static Discharge  |       |     5 |       ||     5
       Kindle Blastspark |       |     4 |     1 ||     5
       Inner Flame       |       |     1 |     3 ||     4
       Freeze            |       |     1 |       ||     1
       Stone Arrow       |       |       |     5 ||     5
  Use: Scroll            |     6 |     3 |     5 ||    14
       Potion            |       |     3 |     3 ||     6
Armor: Robe              |       |    12 |     3 ||    15
Dodge: Dodged            |    11 |    36 |     5 ||    52
Block: Kite shield       |       |       |     4 ||     4

Table legend: (Time is in decaauts)
 A = Elapsed time spent in this place.
 B = Non-inter-level travel time spent in this place.
 C = Inter-level travel time spent in this place.
 D = Time resting spent in this place.
 E = Time spent auto-exploring this place.
 F = Levels seen in this place.
 G = Mean time per level.
                   A        B        C        D        E       F      G
               +--------+--------+--------+--------+--------+-----+--------+
         Total |   5211 |   4736 |    475 |    139 |   3845 |   6 |  868.5 |
       Dungeon |   5211 |   4736 |    475 |    139 |   3845 |   6 |  868.5 |
               +--------+--------+--------+--------+--------+-----+--------+

Top non-repeatable levels by time:
     D:3: 1331 daAuts
     D:1: 1199 daAuts
     D:4: 990 daAuts
     D:2: 933 daAuts
     D:5: 753 daAuts
     D:6: 3 daAuts
